 Dungeon Crawl Stone Soup version 0.29-a0-409-gd843f3a48c (webtiles) character file.

Game seed: 17709414267854203651

139 thiscave3701365 the Skirmisher (level 5, 0/47 HPs)
             Began as a Minotaur Berserker on May 13, 2022.
             Was a Believer of Trog.
             Slain by a crimson imp
             ... wielding a +2 dagger of chaos
              (1 damage)
             ... on level 3 of the Dungeon.
             The game lasted 00:01:27 (2113 turns).

thiscave3701365 the Skirmisher (Minotaur Berserker) Turns: 2113, Time: 00:01:28

Health: 0/47       AC: 12    Str: 23    XL:     5   Next: 1%
Magic:  2/4        EV:  7    Int:  4    God:    Trog [**....]
Gold:   170        SH:  0    Dex: 10    Spells: 4/4 levels left

rFire   . . .      SeeInvis .   a - +0 hand axe
rCold   . . .      Faith    .   (no shield)
rNeg    . . .      Spirit   .   g - +0 plate armour
rPois   .          Reflect  .   (helmet restricted)
rElec   .          Harm     .   h - +0 cloak
rCorr   .          Rampage  .   (no gloves)
Will    .....                   (no boots)
Stlth   ..........              (no amulet)
HPRegen 0.15/turn               (no ring)
MPRegen 0.09/turn               (no ring)

@: lethally poisoned (0 -> -8), on berserk cooldown, slowed, very slow
A: horns 2, retaliatory headbutt
a: Renounce Religion, Berserk, Trog's Hand


You were on level 3 of the Dungeon.
You worshipped Trog.
Trog was pleased with you.
You visited 1 branch of the dungeon, and saw 3 of its levels.

You collected 170 gold pieces.

Inventory:

Hand Weapons
 a - a +0 hand axe (weapon)
Armour
 g - a +0 plate armour (worn)
 h - a +0 cloak (worn)
Jewellery
 i - a ring of protection from cold
Scrolls
 b - 3 scrolls of identify {unknown}
 d - a scroll of fog {unknown}
 e - a scroll of fear {unknown}
 j - a scroll of magic mapping {unknown}
 l - a scroll of vulnerability {unknown}
Potions
 c - a potion of haste {unknown}
 f - a potion of curing {unknown}
 k - a potion of degeneration {unknown}
 m - a potion of cancellation {unknown}


   Skills:
 + Level 4.8 Fighting
 + Level 4.8 Axes
 + Level 3.5 Armour
 + Level 3.1 Dodging
 + Level 0.2 Stealth


You had 4 spell levels left.
You didn't know any spells.
Your spell library was empty.

Dungeon Overview and Level Annotations

Branches:
Dungeon (3/15)

Altars:
Xom


Innate Abilities, Weirdness & Mutations

You have a pair of horns on your head.
You reflexively headbutt those who attack you in melee.


Message History

You slash the crimson imp!
You kill the crimson imp!
Trog accepts your kill.
You have reached level 5!
You are no longer berserk.
You are exhausted.
You feel yourself slow down.
The crimson imp hits you but does no damage.
You are electrocuted!
Unknown command.
You closely miss the crimson imp.
The crimson imp hits you but does no damage.
Unknown command.
You hit the crimson imp. Your headbutt misses the crimson imp.
The crimson imp is lightly wounded.
The crimson imp hits you but does no damage.
You are poisoned.
The crimson imp hits you but does no damage.
The crimson imp hits you with a +2 dagger of chaos.
You feel your power leaking away.
You closely miss the crimson imp. Your headbutt misses the crimson imp.
You hit the crimson imp.
You feel sick.
The crimson imp blinks!
The crimson imp hits you but does no damage.
You are more poisoned.
The crimson imp hits you but does no damage.
The crimson imp hits you with a +2 dagger of chaos.
You are electrocuted!!
* * * LOW HITPOINT WARNING * * *
You are too injured to fight recklessly!
You are too injured to fight recklessly!
Unknown command.
You are too injured to fight recklessly!
You slash the crimson imp! Your headbutt misses the crimson imp.
The crimson imp is severely wounded.
You slash the crimson imp!
* * * LOW HITPOINT WARNING * * *
You feel very sick.
The crimson imp hits you but does no damage.
The crimson imp hits you with a +2 dagger of chaos.
You die...

######
#####.@5.##
#....5....#
#.#######.##
#.# #..# #†#
####'# #.#
#§^..§^§# #.#
###._.### #.#
#§§...55#
#.########+####


You could see 2 crimson imps.

Vanquished Creatures
  2 crimson imps (D:3)
  Robin (D:2)
  A gnoll (D:1)
  An adder (D:2)
  4 bats
  2 giant cockroaches
  7 goblins (D:2)
  7 hobgoblins
  2 jackals (D:2)
  2 quokkas
  4 ball pythons
  3 frilled lizards
  2 kobolds
  6 rats
44 creatures vanquished.

Notes
Turn   | Place    | Note
-------+----------+-------------------------------------------
     0 | D:1      | thiscave3701365 the Minotaur Berserker began the quest for
                  | the Orb.
     0 | D:1      | Reached XP level 1. HP: 19/19 MP: 0/0
   184 | D:1      | Reached XP level 2. HP: 15/27 MP: 1/1
   319 | D:1      | Found a faded altar of an unknown god.
  1178 | D:2      | Reached XP level 3. HP: 29/33 MP: 2/2
  1322 | D:2      | Noticed Robin
  1323 | D:2      | Reached ** piety under Trog
  1330 | D:2      | Killed Robin
  1874 | D:2      | Reached XP level 4. HP: 41/41 MP: 3/3
  2088 | D:3      | Found a shimmering altar of Xom.
  2109 | D:3      | Reached XP level 5. HP: 47/47 MP: 4/4
  2113 | D:3      | HP: 1/47 [poisoned by a crimson imp]
  2113 | D:3      | Slain by a crimson imp

Illustrated notes

Levels and vault maps discovered:
D:1:      minmay_arrival_split_and_join, layout_basic,
          chequers_ecumenical_altar_simple
D:2:      layout_loops_ring, dreamdust_princess_corridor, uniq_robin
D:3:      minmay_door_path, layout_loops_ring, led_xom_imps,
          ebering_ghost_sewer_d, kennysheep_generic_room_12

Skill      XL: |  1  2  3 |
---------------+----------+-----
Axes           | 4 |  4.8
Fighting       | 4 |  4.8
Armour         | 3 |  3.5
Dodging        | 3 |  3.1
Stealth        | |  0.2

Action                   |  1- 3 |  4- 6 || total
-------------------------+-------+-------++-------
Melee: Hand axe          |    71 |    27 ||    98
       Punch             |     1 |       ||     1
       Headbutt          |    10 |     2 ||    12
Invok: Berserk           |     1 |     1 ||     2
  Use: Scroll            |     2 |       ||     2
 Stab: Sleeping          |     1 |       ||     1
Armor: Animal skin       |     8 |       ||     8
       Plate armour      |    25 |    22 ||    47
       Chain mail        |     2 |       ||     2
Dodge: Dodged            |    34 |     3 ||    37

Table legend: (Time is in decaauts)
 A = Elapsed time spent in this place.
 B = Non-inter-level travel time spent in this place.
 C = Inter-level travel time spent in this place.
 D = Time resting spent in this place.
 E = Time spent auto-exploring this place.
 F = Levels seen in this place.
 G = Mean time per level.
                   A        B        C        D        E       F      G
               +--------+--------+--------+--------+--------+-----+--------+
         Total |   2131 |   1942 |    189 |    169 |   1490 |   3 |  710.3 |
       Dungeon |   2131 |   1942 |    189 |    169 |   1490 |   3 |  710.3 |
               +--------+--------+--------+--------+--------+-----+--------+

Top non-repeatable levels by time:
     D:1: 1169 daAuts
     D:2: 848 daAuts
     D:3: 113 daAuts
